 Dungeon Crawl Stone Soup version 0.22.1-1-ga44c0e56f4 (webtiles) character file.

79 Nixze the Magician (level 4, -1/24 HPs)
             Began as a Deep Elf Venom Mage on Nov 2, 2018.
             Slain by Terence
             ... wielding a cursed -2 hand axe
              (3 damage)
             ... on level 1 of the Dungeon.
             The game lasted 00:08:39 (2983 turns).

Nixze the Magician (Deep Elf Venom Mage)            Turns: 2983, Time: 00:08:39

Health: -1/24      AC:  3    Str:  5    XL:     4   Next: 17%
Magic:  12/12      EV: 13    Int: 21    God:
Gold:   4          SH:  0    Dex: 15    Spells: 1/11 levels left

rFire    . . .     SeeInvis .   b - +0 spear
rCold    . . .     Gourm    .   (no shield)
rNeg     . . .     Faith    .   a - +0 robe
rPois    .         Spirit   .   h - +0 helmet (curse)
rElec    .         Reflect  .   (no cloak)
rCorr    .         Harm     .   (no gloves)
MR       .....                  (no boots)
Stlth    ++........             (no amulet)
HPRegen  0.08/turn              (no ring)
MPRegen  0.13/turn              (no ring)

@: no status effects
A: no striking features
a: no special abilities


You were on level 1 of the Dungeon.
You were not hungry.

You visited 1 branch of the dungeon, and saw 2 of its levels.

You collected 4 gold pieces.

Inventory:

Hand Weapons
 b - a +0 spear (weapon)
Armour
 a - a +0 robe (worn)
 h - a cursed +0 helmet (worn)
Scrolls
 d - 3 scrolls of teleportation {unknown}
 e - 4 scrolls of identify {unknown}
Potions
 g - 2 potions of curing {unknown}
Comestibles
 c - 4 rations


   Skills:
 - Level 2.4 Dodging
 - Level 2.4 Stealth
 + Level 4.2 Spellcasting
 + Level 2.6 Conjurations
 + Level 0.2 Air Magic
 + Level 4.1 Poison Magic


You had one spell level left.
You knew the following spells:

 Your Spells              Type           Power        Failure   Level  Hunger
a - Sting                 Conj/Pois      ###.         3%          1    None
b - Poisonous Vapours     Pois/Air       ##....       7%          2    #......
c - Mephitic Cloud        Conj/Pois/Air  ##......     14%         3    ###....
d - Olgreb's Toxic Radia  Pois           ###.....     22%         4    ####...

Your spell library contained the following spells:

 Spells                   Type           Power        Failure   Level  Hunger
 Venom Bolt               Conj/Pois      ###.......   63%         5    ######.


Dungeon Overview and Level Annotations

Branches:
Dungeon (2/15)

Altars:

Annotations:
D:1 Terence
D:2 1 runed door


Message History

You hit Terence.
Terence is heavily wounded.
Terence hits you but does no damage.
You closely miss Terence.
Terence is heavily wounded.
Terence barely misses you.
You barely miss Terence.
Terence is heavily wounded.
Terence hits you but does no damage.
You hit Terence but do no damage.
Terence is heavily wounded.
Terence hits you with a hand axe.
* * * LOW HITPOINT WARNING * * *
You closely miss Terence.
Terence is heavily wounded.
Terence barely misses you.
You hit Terence but do no damage.
Terence is heavily wounded.
Terence hits you with a hand axe.
You die...

#.#####.####...
########.#............
#........#.###.#.##>..
#.#####.....##....##..
#.# #............###
#.# ###.##..###...##
#.# #.......# ##.##
#.# #@#.###.# #.#
#.###@#.# #.# #.#
#.......###.# ##+##
#.........).###...##
#.###.#.######.....##
#.# #....# ##.......##
#.###....###.........#
#.##.......'.........'
#.###....###.........#
#........# ##.......##


You could see Terence.

Vanquished Creatures
  Robin (D:2)
  An adder (D:2)
  An ooze (D:1)
  2 worms (D:2)
  A dart slug (D:1)
  A leopard gecko (D:2)
  9 bats
  2 giant cockroaches (D:2)
  13 goblins (D:2)
  4 hobgoblins
  A ball python (D:1)
  4 frilled lizards
  2 kobolds (D:2)
  5 rats
47 creatures vanquished.

Notes
Turn   | Place    | Note
-------+----------+-------------------------------------------
     0 | D:1      | Nixze the Deep Elf Venom Mage began the quest for the Orb.
     0 | D:1      | Reached XP level 1. HP: 10/10 MP: 6/6
   336 | D:1      | Reached XP level 2. HP: 15/15 MP: 5/8
   366 | D:1      | Learned a level 2 spell: Poisonous Vapours
  1195 | D:2      | Noticed Robin
  1201 | D:2      | Killed Robin
  1201 | D:2      | Reached XP level 3. HP: 10/19 MP: 0/10
  1647 | D:2      | Noticed Terence
  1892 | D:2      | Found a runed door.
  2135 | D:2      | Learned a level 3 spell: Mephitic Cloud
  2215 | D:2      | Reached XP level 4. HP: 24/24 MP: 7/12
  2252 | D:2      | Learned a level 4 spell: Olgreb's Toxic Radiance
  2983 | D:1      | Slain by Terence

Skill      XL: |  1  2  3 |
---------------+----------+-----
Conjurations   | 2 |  2.6
Poison Magic   | 4 |  4.1
Spellcasting   | 4 |  4.2
Dodging        | |  2.4
Stealth        | |  2.4
Air Magic      | |  0.2

Action                   |  1- 3 |  4- 6 || total
-------------------------+-------+-------++-------
Melee: Unarmed           |     2 |       ||     2
       Spear             |    21 |    46 ||    67
 Cast: Sting             |    37 |    18 ||    55
       Poisonous Vapours |    31 |     8 ||    39
 Stab: Distracted        |     1 |       ||     1
  Eat: Chunk             |     5 |     1 ||     6
       Ration            |       |     1 ||     1
Armor: Robe              |     8 |     6 ||    14
Dodge: Dodged            |    30 |    32 ||    62
